 Dungeon Crawl Stone Soup version 0.28-a0-1032-ga8db75c868 (webtiles) character file.

Game seed: 6442592938700782871

15764 Lavandula the Quickloader (level 12, 10/110 HPs)
             Began as a Naga Arcane Marksman on Dec 7, 2021.
             Was an Initiate of Gozag.
             Quit the game on level 1 of the Lair of Beasts.
             The game lasted 00:51:10 (14572 turns).

Lavandula the Quickloader (Naga Arcane Marksman)   Turns: 14572, Time: 00:51:11

Health: 10/110     AC: 19    Str: 16    XL:     12   Next: 30%
Magic:  9/17       EV:  8    Int: 16    God:    Gozag
Gold:   710        SH:  0    Dex: 15    Spells: 9/18 levels left

rFire   + . .      SeeInvis +   F - +2 whip (venom)
rCold   x . .      Faith    .   (no shield)
rNeg    + . .      Spirit   .   N - +0 leather armour "Qempasar" {rN+ Regen+ Dex+4}
rPois   +          Reflect  .   x - +0 helmet
rElec   +          Harm     .   f - +0 cloak
rCorr   .          Rampage  .   (no gloves)
Will    +....                   s - +1 barding
Stlth   +.........              h - amulet of regeneration
HPRegen 1.88/turn               b - ring of fire
MPRegen 0.15/turn               e - +4 ring of protection

@: gold aura, studying Maces & Flails, very slow
A: AC +4, large, see invisible, deformed body, poison resistance, slowness 2,
spit poison 1, naga tail 1, electricity resistance, sturdy frame 1
a: Spit Poison, Renounce Religion, Potion Petition, Call Merchant, Bribe Branch


You were on level 1 of the Lair of Beasts.
You worshipped Gozag.
Gozag was pleased with you.
You visited 2 branches of the dungeon, and saw 13 of its levels.

You collected 2333 gold pieces.
You spent 682 gold pieces at shops.
You paid 941 gold pieces to Gozag.

Inventory:

Hand Weapons
 a - a +0 hand crossbow
 q - a +3 halberd
 z - a +0 dagger of venom
 F - a +2 whip of venom (weapon)
 G - a +4 war axe
 O - a +1 dagger of draining
Missiles
 t - 3 boomerangs
 y - 61 poisoned darts
 K - 2 javelins (quivered)
 P - a curare-tipped dart
Armour
 f - a +0 cloak (worn)
 s - a +1 barding (worn)
 x - a +0 helmet (worn)
 N - the +0 leather armour "Qempasar" (worn) {rN+ Regen+ Dex+4}
   (You bought it in a shop on level 9 of the Dungeon)

   Dex:       It affects your dexterity (+4).
   rN:        It protects you from negative energy.
   Regen:     It increases your rate of health regeneration.
Jewellery
 b - a ring of fire (left hand)
 c - a ring of ice
 e - a +4 ring of protection (right hand)
 h - an amulet of regeneration (around neck)
 n - a ring of flight
Wands
 m - a wand of charming (2)
 B - a wand of iceblast (5)
 D - a wand of flame (3)
 M - a wand of paralysis (8)
 Q - a wand of digging (5)
 S - a wand of polymorph (4)
Scrolls
 d - 3 scrolls of vulnerability
 g - 7 scrolls of teleportation
 i - 3 scrolls of magic mapping
 j - 2 scrolls of fog
 l - 2 scrolls of torment
 p - a scroll of holy word
 r - a scroll of silence
 A - a scroll of enchant weapon
 E - a scroll of amnesia
Potions
 k - a potion of lignification {unknown}
 o - 4 potions of mutation
 u - a potion of cancellation
 v - a potion of brilliance
 C - a potion of magic
 H - 2 potions of haste
 I - a potion of invisibility {unknown}
 J - a potion of heal wounds
 L - 2 potions of flight


   Skills:
 - Level 7.6 Fighting
 - Level 6.0 Short Blades
 - Level 5.8(6.4) Axes
 + Level 4.2(5.7) Maces & Flails
 - Level 10.0 Crossbows
 - Level 7.0 Armour
 - Level 3.1 Dodging
 - Level 3.6 Spellcasting
 - Level 5.0 Hexes
 - Level 4.5 Evocations


You had 9 spell levels left.
You knew the following spells:

 Your Spells              Type           Power      Damage    Failure   Level
a - Slow                  Hex            76%        N/A       2%          1
b - Inner Flame           Hex/Fire       16%        N/A       19%         3
d - Cause Fear            Hex            9%         N/A       22%         4
g - Apportation           Tloc           4%         N/A       19%         1

Your spell library contained the following spells:

 Spells                   Type           Power      Damage    Failure   Level
 Animate Skeleton         Necr           4%         N/A       19%         1
 Freeze                   Ice            8%         1d3       19%         1
 Pain                     Necr           8%         1d4       19%         1
 Summon Small Mammal      Summ           8%         N/A       19%         1
 Portal Projectile        Hex/Tloc       20%        N/A       19%         3
 Frozen Ramparts          Ice            4%         1d2       47%         3
 Vampiric Draining        Necr           2%         2d6       47%         3
 Hailstorm                Conj/Ice       2%         3d3       87%         4
 Alistair's Intoxication  Tmut/Pois      1%         N/A       99%         5
 Discord                  Hex            9%         N/A       100%        8


Dungeon Overview and Level Annotations

Branches:
Dungeon (12/15)            Temple (0/1) D:5            Lair (1/6) D:9
    Orc (0/2) D:11

Altars:
Ashenzari
Cheibriados
Dithmenos
Fedhas
Gozag
Hepliaklqana
Kikubaaqudgha
Makhleb
Nemelex Xobeh
Okawaru
Qazlal
Ru
Trog
Vehumet
Xom
Zin

Shops:
D:2 [   D:3 *   D:6 [   D:9 [

Annotations:
D:5 1 transporter
D:7 2 transporters, Lavandula's ghost, novice NaAM
D:11 exclusion: door
D:12 Azrael; Frances


Innate Abilities, Weirdness & Mutations

Your serpentine skin is tough. (AC +4)
You have supernaturally acute eyesight. (SInv)
Armour fits poorly on your strangely shaped body.
Your system is resistant to poisons. (rPois)
You cover ground very slowly.
You can spit poison.
You have a snake-like lower body.
You are resistant to electric shocks. (rElec)
Your movements are slightly less encumbered by armour. (ER -2)


Message History

Unknown command.
You barely miss the eight-headed hydra.
The eight-headed hydra is moderately wounded.
The eight-headed hydra bites you but does no damage. x2
The eight-headed hydra bites you.
The eight-headed hydra bites you but does no damage.
The eight-headed hydra closely misses you.
The eight-headed hydra bites you but does no damage.
The eight-headed hydra barely misses you.
The eight-headed hydra bites you but does no damage.
You hit the eight-headed hydra.
The eight-headed hydra is moderately wounded.
The eight-headed hydra bites you.
The eight-headed hydra bites you but does no damage.
The eight-headed hydra bites you!
The eight-headed hydra closely misses you.
The eight-headed hydra bites you but does no damage.
The eight-headed hydra bites you. The eight-headed hydra bites you!
The eight-headed hydra bites you.
You hit the eight-headed hydra.
The eight-headed hydra is moderately wounded.
The eight-headed hydra bites you but does no damage.
The eight-headed hydra bites you! The eight-headed hydra bites you.
The eight-headed hydra closely misses you.
The eight-headed hydra bites you but does no damage.
The eight-headed hydra barely misses you. x3
You barely miss the eight-headed hydra.
The eight-headed hydra is moderately wounded.
The eight-headed hydra completely misses you.
The eight-headed hydra bites you!
* * * LOW HITPOINT WARNING * * *
The eight-headed hydra bites you but does no damage. x2
The eight-headed hydra barely misses you.
The eight-headed hydra bites you.
* * * LOW HITPOINT WARNING * * *
The eight-headed hydra bites you!
* * * LOW HITPOINT WARNING * * *
The eight-headed hydra bites you!
* * * LOW HITPOINT WARNING * * *
Are you sure you want to abandon this character and quit the game? (Confirm with "yes".)

#.... ##....
#....# #....#
#....## ..
####.....#####.(.
..............(..
........<@D..($((
.................
.................
..........#P#..#.
..........### #..
........... .
..........##
##P##.#P#P# ##
#### ##


You could see an eight-headed hydra (very poisoned).

Vanquished Creatures
  Erolcha (D:12)
  Erica (D:8)
  5 two-headed ogres
  2 cyclopes
  A manticore (D:10)
  3 unseen horrors
  Psyche (D:9)
  A hornet (D:9)
  6 wyverns
  2 fire elementals
  9 yaks
  Grum (D:9)
  A basilisk (D:9)
  2 steam dragons
  6 water moccasins
  A hornet zombie (D:7)
  A hell hound (D:12)
  6 orc warriors
  An ice beast (D:8)
  2 sky beasts
  3 black bears
  2 ogres
  2 necrophages
  6 centaurs
  2 wolves (D:9)
  3 kobold brigands
  A gnoll sergeant (D:7)
  3 bullfrogs
  A wyvern zombie (D:7)
  4 scorpions
  A water moccasin skeleton (D:4)
  6 killer bees
  5 wights (D:8)
  An electric eel (D:7)
  2 howler monkeys
  A crimson imp (D:6)
  3 centaur zombies
  5 hounds
  A centaur skeleton (D:7)
  11 orc priests
  3 iguanas
  A jelly (D:4)
  2 bullfrog skeletons
  7 orc wizards
  2 killer bee zombies
  A howler monkey zombie (D:10)
  6 adders
  5 gnolls
  A shadow imp (D:6)
  3 white imps
  3 ufetubi
  An adder skeleton (D:4)
  4 dart slugs
  2 worms
  25 orcs
  9 ball pythons
  10 endoplasms
  6 giant cockroaches
  2 goblins
  11 hobgoblins
  A jackal (D:4)
  4 quokkas
  8 bats
  15 frilled lizards
  18 kobolds
  4 rats
270 creatures vanquished.

Vanquished Creatures (collateral kills)
  A centaur (D:7)
  An orc priest (D:6)
  An orc wizard (D:6)
  A gnoll (D:7)
  2 orcs (D:6)
6 creatures vanquished.

Vanquished Creatures (others)
  A cane toad (Lair:1)
  A human (D:9)
  An ogre (D:6)
  2 fungi (D:9)
  26 plants
31 creatures vanquished.

Grand Total: 307 creatures vanquished

Notes
Turn   | Place    | Note
-------+----------+-------------------------------------------
     0 | D:1      | Lavandula the Naga Arcane Marksman began the quest for the
                  | Orb.
     0 | D:1      | Reached XP level 1. HP: 18/18 MP: 2/2
   107 | D:1      | Reached skill level 2 in Crossbows
   329 | D:1      | Reached XP level 2. HP: 25/25 MP: 3/3
   446 | D:1      | Reached skill level 3 in Crossbows
   483 | D:1      | Reached XP level 3. HP: 31/31 MP: 4/4
   709 | D:1      | Found a faded altar of an unknown god.
   901 | D:2      | Found Ifafy's Antique Armour Shoppe.
  1163 | D:2      | Reached XP level 4. HP: 38/38 MP: 5/5
  1165 | D:2      | Reached skill level 4 in Crossbows
  2003 | D:3      | Found Qolot's Assorted Antiques.
  2015 | D:3      | Bought a bubbling golden potion for 22 gold pieces
  2015 | D:3      | Bought a lumpy ruby potion for 22 gold pieces
  2015 | D:3      | Bought a scroll labelled UFYNTO IMIWES for 25 gold pieces
  2065 | D:3      | Found an opulent altar of Gozag.
  2128 | D:3      | Found a radiant altar of Vehumet.
  2231 | D:3      | Became a worshipper of Gozag Ym Sagoz the Greedy
  2547 | D:3      | Reached XP level 5. HP: 44/44 MP: 6/6
  2736 | D:4      | Found a snail-covered altar of Cheibriados.
  2781 | D:4      | Noticed a black bear
  2794 | D:4      | Killed a black bear
  2795 | D:4      | Reached skill level 5 in Crossbows
  2795 | D:4      | Reached XP level 6. HP: 37/51 MP: 7/7
  2935 | D:4      | Reached skill level 6 in Crossbows
  3571 | D:4      | Reached XP level 7. HP: 35/57 MP: 8/8
  3709 | D:4      | Reached skill level 7 in Crossbows
  3905 | D:4      | Found a faded altar of an unknown god.
  3908 | D:4      | Found a faded altar of an unknown god.
  3912 | D:4      | Found a faded altar of an unknown god.
  3912 | D:4      | Found a hazy altar of Hepliaklqana.
  4305 | D:5      | Entered Level 5 of the Dungeon
  4783 | D:5      | Reached XP level 8. HP: 52/64 MP: 9/9
  4861 | D:5      | Found a stormy altar of Qazlal.
  4861 | D:5      | Found a sacrificial altar of Ru.
  5153 | D:3      | Bought a runed granite ring for 125 gold pieces
  5153 | D:3      | Bought a scroll labelled UME BOACSOU for 25 gold pieces
  5223 | D:2      | Bought a glowing leather armour for 85 gold pieces
  5532 | D:5      | Found a sparkling altar of Nemelex Xobeh.
  5532 | D:5      | Found a transporter.
  5532 | D:5      | Noticed a yak
  5621 | D:5      | Reached skill level 5 in Short Blades
  5820 | D:5      | Found a shimmering altar of Xom.
  6068 | D:5      | Found a staircase to the Ecumenical Temple.
  6219 | D:6      | Found Machedaf's Armour Shop.
  6903 | D:6      | Reached XP level 9. HP: 67/70 MP: 10/10
  7039 | D:6      | Found a burning altar of Makhleb.
  7082 | D:6      | Reached skill level 1 in Armour
  7129 | D:6      | Found a bloodstained altar of Trog.
  7289 | D:6      | Gained mutation: Your body sometimes deteriorates upon
                  | taking damage. [potion of mutation]
  7289 | D:6      | Gained mutation: Your muscles are strong. (Str +2) [potion
                  | of mutation]
  8373 | D:7      | Found an iron altar of Okawaru.
  8799 | D:7      | Learned a level 3 spell: Inner Flame
  8954 | D:7      | Found a transporter.
  8957 | D:7      | Found a transporter.
  8957 | D:7      | Noticed Lavandula's ghost (novice NaAM)
  9239 | D:7      | Noticed a two-headed ogre
  9242 | D:7      | Noticed a cyclops
  9252 | D:7      | Noticed an unseen horror
  9255 | D:7      | Killed a two-headed ogre
  9256 | D:7      | Reached XP level 10. HP: 82/92 MP: 11/11
  9271 | D:7      | Killed a cyclops
  9461 | D:7      | Killed an unseen horror
  9745 | D:8      | Reached skill level 8 in Crossbows
  9969 | D:8      | Noticed Erica
 10000 | D:8      | Killed Erica
 10195 | D:8      | Reached skill level 9 in Crossbows
 10232 | D:8      | Learned a level 1 spell: Apportation
 10237 | D:8      | Learned a level 4 spell: Cause Fear
 10261 | D:8      | Lost mutation: Your body sometimes deteriorates upon taking
                  | damage. [potion of mutation]
 10261 | D:8      | Lost mutation: Your muscles are strong. (Str +2) [potion of
                  | mutation]
 10261 | D:8      | Gained mutation: You are resistant to electric shocks.
                  | (rElec) [potion of mutation]
 10261 | D:8      | Gained mutation: Your movements are slightly less
                  | encumbered by armour. (ER -2) [potion of mutation]
 10329 | D:8      | Found a blossoming altar of Fedhas.
 10884 | D:8      | Reached skill level 1 in Axes
 11293 | D:9      | Reached XP level 11. HP: 88/102 MP: 12/12
 11331 | D:9      | Found a staircase to the Lair.
 11344 | D:9      | Reached skill level 5 in Axes
 11441 | D:9      | Bought an ancient leather armour for 189 gold pieces
 11441 | D:9      | Identified the +0 leather armour "Ryvvon" {*Corrode Str+5
                  | Int+5} (You bought it in a shop on level 9 of the Dungeon)
 11441 | D:9      | Bought a transparent leather armour for 189 gold pieces
 11441 | D:9      | Identified the +0 leather armour "Qempasar" {rN+ Regen+
                  | Dex+4} (You bought it in a shop on level 9 of the Dungeon)
 11518 | D:9      | Noticed Grum
 11546 | D:9      | Killed Grum
 11547 | D:9      | Reached skill level 5 in Armour
 11586 | D:9      | Noticed Psyche
 11595 | D:9      | Killed Psyche
 11629 | D:9      | Found a broken altar of Ashenzari.
 11746 | D:9      | Found an ancient bone altar of Kikubaaqudgha.
 11789 | D:9      | Noticed a two-headed ogre
 11798 | D:9      | Killed a two-headed ogre
 11891 | D:9      | Found a glowing silver altar of Zin.
 12049 | D:9      | Found a shadowy altar of Dithmenos.
 12167 | D:10     | Entered Level 10 of the Dungeon
 12208 | D:10     | Noticed a two-headed ogre
 12211 | D:10     | Noticed a two-headed ogre
 12218 | D:10     | Killed a two-headed ogre
 12229 | D:10     | Killed a two-headed ogre
 12304 | D:10     | Noticed a two-headed ogre
 12591 | D:10     | Noticed a manticore
 12607 | D:10     | Killed a two-headed ogre
 12608 | D:10     | Killed a manticore
 12609 | D:10     | Reached skill level 10 in Crossbows
 12708 | D:10     | You are sucked into a shaft and drop 2 floors!
 12718 | D:12     | Noticed Erolcha
 12731 | D:12     | Killed Erolcha
 13006 | D:10     | Reached XP level 12. HP: 110/110 MP: 15/17
 13310 | D:11     | Found a staircase to the Orcish Mines.
 13558 | D:11     | Reached skill level 5 in Hexes
 13981 | Lair:1   | Entered Level 1 of the Lair of Beasts
 14000 | Lair:1   | Noticed an eight-headed hydra
 14136 | D:12     | Reached skill level 1 in Maces & Flails
 14185 | D:12     | Noticed Frances
 14394 | D:12     | Noticed Azrael
 14572 | Lair:1   | Quit the game

Illustrated notes

Levels and vault maps discovered:
D:1:      heliophobic_arrival_dark_side_of_the_moon, layout_rooms,
          nicolae_ecumenical_lake_church, chequers_serial_rivers_small_3,
          minmay_misc_feat_enclosed
D:2:      layout_basic, serial_shops, shop, minmay_bisected
D:3:      layout_basic, pf_just_have_faith, lemuel_crystal_altar, serial_shops,
          shop
D:4:      minmay_chambers_of_threes, layout_loops_ring,
          nicolae_hepliaklqana_ecumenical_no_more, slow_altar_1,
          minmay_misc_feat_hallway, hex_medium, minmay_lizard_king
D:5:      layout_basic, kennysheep_mini, grunt_nemelex_the_gamble,
          jmf_multi_god_temple, minmay_temple_entry_poolview,
          chequers_serial_rivers_small_3, st_stairs_14
D:6:      layout_loops_ring, mainiacjoe_overflow_chevrons,
          makhleb_grotto_becter, serial_shops, nicolae_stop_n_shop_2,
          minmay_misc_feat_roman
D:7:      layout_cave_pools, okawaru_gym_becter, gammafunk_ghost_arena,
          serial_park, serial_park_tiny_1, serial_park_paths
          [serial_park_minivault_5x5_2], serial_park_square1
          [serial_park_minivault_5x5_7], serial_park_tiny_pond,
          serial_park_square3 [serial_park_minivault_5x5_8], minmay_manual_mess
D:8:      layout_cave_pods, amcnicky_altar_gilded, dk_noncrumbling_2, hex_tiny,
          uniq_erica
D:9:      layout_irregular_city, mainiacjoe_overflow_boulevard,
          grunt_dithmenos_smoke, overflow_temple_1_default, tgw_kikubaaqudgha,
          minmay_lair_entry_grove, uniq_grum, uniq_psyche
D:10:     layout_rooms, grunt_decor_clamped
D:11:     layout_long_grid, minmay_orc_entry_temple_small
D:12:     layout_roguey, uniq_azrael, uniq_frances, uniq_erolcha
Lair:1:   layout_cellular_growth

Skill      XL: |  1  2  3  4  5  6  7  8  9 10 11 12 |
---------------+-------------------------------------+-----
Crossbows      | 2 3 4 5 6 7 9 10 | 10.0
Short Blades   | 3 6 |  6.0
Evocations     | 4 |  4.5
Armour         | 4 7 |  7.0
Fighting       | 6 7 |  7.6
Axes           | 3 5 |  5.8
Spellcasting   | 3 |  3.6
Hexes          | 5 |  5.0
Dodging        | 3 |  3.1
Maces & Flails | 4 |  4.2

Action                   |  1- 3 |  4- 6 |  7- 9 | 10-12 || total
-------------------------+-------+-------+-------+-------++-------
Melee: Spear             |       |   142 |       |       ||   142
       Dagger            |       |       |   546 |   196 ||   742
       War axe           |       |       |       |   269 ||   269
       Whip              |       |       |       |    86 ||    86
       Halberd           |       |       |       |     4 ||     4
 Fire: Hand crossbow     |    58 |    40 |    43 |    19 ||   160
Throw: Boomerang         |       |       |    19 |    32 ||    51
       Dart              |       |       |       |    16 ||    16
       Javelin           |       |       |       |     4 ||     4
 Cast: Inner Flame       |       |       |       |    17 ||    17
       Slow              |       |       |       |     2 ||     2
       Cause Fear        |       |       |       |     4 ||     4
Invok: Potion Petition   |       |       |     1 |       ||     1
       Call Merchant     |       |       |       |     1 ||     1
 Abil: Spit Poison       |    17 |    40 |    56 |    40 ||   153
Evoke: Wand              |       |       |    11 |    10 ||    21
  Use: Scroll            |       |     1 |     8 |    16 ||    25
       Potion            |       |       |     3 |     5 ||     8
 Stab: Distracted        |       |       |     1 |       ||     1
Armor: Robe              |     8 |    81 |    40 |       ||   129
       Leather armour    |       |       |   329 |   450 ||   779
Dodge: Dodged            |    15 |    69 |   182 |   276 ||   542

Table legend: (Time is in decaauts)
 A = Elapsed time spent in this place.
 B = Non-inter-level travel time spent in this place.
 C = Inter-level travel time spent in this place.
 D = Time resting spent in this place.
 E = Time spent auto-exploring this place.
 F = Levels seen in this place.
 G = Mean time per level.
                   A        B        C        D        E       F      G
               +--------+--------+--------+--------+--------+-----+--------+
         Total |  17597 |  16401 |   1196 |   3054 |   9682 |  13 | 1353.6 |
       Dungeon |  17540 |  16345 |   1195 |   3052 |   9680 |  12 | 1461.7 |
          Lair |     57 |     57 |      0 |      2 |      2 |   1 |   57.0 |
               +--------+--------+--------+--------+--------+-----+--------+

Top non-repeatable levels by time:
     D:6: 2544 daAuts
     D:4: 2320 daAuts
     D:8: 1773 daAuts
     D:5: 1719 daAuts
     D:9: 1445 daAuts
     D:7: 1381 daAuts
    D:11: 1368 daAuts
     D:2: 1257 daAuts
     D:1: 1134 daAuts
     D:3: 1089 daAuts
    D:10: 1016 daAuts
    D:12: 489 daAuts
  Lair:1: 57 daAuts
